 Dungeon Crawl Stone Soup version 0.20.0 (webtiles) character file.

484009 Minorbread the Slayer (level 23, -10/237 HPs)
             Began as a Minotaur Berserker on June 15, 2017.
             Was a High Priest of Trog.
             Shot with a bolt by a yaktaur captain (21 damage)
             ... on level 5 of the Vaults.
             The game lasted 02:09:52 (64809 turns).

Minorbread the Slayer (Minotaur Berserker)         Turns: 64809, Time: 02:09:52

Health: -10/237    AC: 36    Str: 37    XL:     23   Next: 76%
Magic:  22/22      EV: 23    Int:  4    God:    Trog [*****.]
Gold:   4530       SH:  0    Dex: 17    Spells: 22/22 levels left

rFire    . . .     SeeInvis .   g - +9 executioner's axe (elec)
rCold    + + .     Gourm    +   (shield currently unavailable)
rNeg     . . .     Faith    .   S - +6 plate armour {rC+}
rPois    .         Spirit   .   a - +0 hat
rElec    .         Reflect  .   b - +0 cloak {+Inv}
rCorr    .         Harm     .   t - +2 pair of gloves
MR       +++..     Clarity  +   M - +2 pair of boots {Stlth+}
Stlth    ..........             v - amulet of the gourmand
Regen    1.5/turn               o - ring of Caxiasem {rC+ Dex+6}
MPRegen  0.2/turn               T - +6 ring of strength

@: about to teleport, very slightly contaminated, regenerating
A: retaliatory headbutt, horns 2, clarity
}: 2/15 runes: decaying, gossamer
a: Berserk, Trog's Hand, Brothers in Arms, Burn Spellbooks, Renounce Religion,
Evoke Invisibility


You were on level 5 of the Vaults.
You worshipped Trog.
Trog was extremely pleased with you.
You were not hungry.

You visited 7 branches of the dungeon, and saw 41 of its levels.
You visited the Abyss 2 times.
You also visited: Bailey.

You collected 5331 gold pieces.
You spent 801 gold pieces at shops.

Inventory:

Hand Weapons
 g - a +9 executioner's axe of electrocution (weapon)
 L - the +2 battleaxe of Trauma {flame, Str+3 Int+2}
   (Trog gifted it to you on level 1 of the Vaults)

   It has been specially enchanted to burn those struck by it, causing extra
   injury to most foes and up to half again as much damage against particularly
   susceptible opponents.
   Big, fiery blades are also staple armaments of hydra-hunters.
   It affects your strength (+3).
   It affects your intelligence (+2).
Armour
 a - a +0 hat (worn)
 b - a +0 cloak of invisibility (worn)
 t - a +2 pair of gloves (worn)
 M - a +2 pair of boots of stealth (worn)
 S - a +6 plate armour of cold resistance (worn)
Jewellery
 i - a +4 ring of intelligence
 o - the ring of Caxiasem (left hand) {rC+ Dex+6}
   (You found it on level 5 of the Depths)

   [ring of protection from cold]

   It affects your dexterity (+6).
   It protects you from cold.
 v - an amulet of the gourmand (around neck)
 y - an uncursed ring of poison resistance
 B - an uncursed ring of protection from magic {unknown}
 T - a +6 ring of strength (right hand)
 X - an uncursed ring of protection from fire
Wands
 p - a wand of digging (24/24)
 q - a wand of confusion (15/48)
 U - a wand of clouds (5/9)
 W - a wand of digging (12/24)
 Y - a wand of iceblast (3/15)
Scrolls
 d - 19 scrolls of remove curse
 e - 8 scrolls of recharging
 f - 11 scrolls of teleportation
 k - 15 scrolls of identify
 s - 6 scrolls of silence
 u - 2 scrolls of blinking
 C - 3 scrolls of holy word
 D - 8 scrolls of magic mapping
 E - 5 scrolls of fear
 F - 4 scrolls of enchant weapon
 K - 2 scrolls of summoning
 V - 2 scrolls of fog
 Z - 3 scrolls of enchant armour
Potions
 h - 5 potions of haste
 j - 5 potions of flight
 m - 3 potions of mutation {unknown}
 r - 4 potions of curing
 w - 5 potions of might
 x - 5 potions of agility
 z - 2 potions of invisibility
 G - 4 potions of cancellation
 H - 12 potions of brilliance
 I - a potion of heal wounds
 J - 6 potions of magic
 N - 4 potions of ambrosia
 O - 4 potions of resistance
 R - 2 potions of berserk rage
Comestibles
 c - 16 bread rations
 l - 36 fruits
 n - 19 meat rations
 A - 42 royal jellies


   Skills:
 * Level 26.2 Fighting
 + Level 24.6 Axes
 + Level 23.5 Armour
 + Level 19.7 Dodging


You had 22 spell levels left.
You didn't know any spells.

Dungeon Overview and Level Annotations

Branches:
Dungeon (15/15)            Temple (0/1) D:6            Lair (6/6) D:10
  Swamp (4/4) Lair:3       Spider (4/4) Lair:4        Slime (0/5) Lair:5
    Orc (2/2) D:11            Elf (0/3) Orc:2        Vaults (5/5) D:13
  Crypt (0/3) Vaults:3     Depths (5/5) D:15            Zot (0/5) Depths:5

Altars:
Ashenzari
Elyvilon
Gozag
Nemelex Xobeh
The Shining One
Beogh
Jiyva

Shops:
D:4 [   D:6 }   D:8 (   D:11 !   D:13 }   Orc:2 %:!(   Vaults:1 :   Vaults:3 [
Depths:1 *!!

Portals:
Hell: Depths:1 Depths:2 Depths:3 Depths:5
Pandemonium: Orc:2 Depths:2 Depths:3
Ziggurat: Depths:3

Annotations:
D:3 aesoa's ghost, amateur OpMo


Innate Abilities, Weirdness & Mutations

You reflexively headbutt those who attack you in melee.
You have a pair of horns on your head.
You possess an exceptional clarity of mind.


Message History

Your iron troll bites the iron dragon!!
Your iron troll claws the iron dragon! x2
You see here a bolt.
Blink to where?
Press: ? - help, Dir - move target cursor You are very lightly contaminated with residual magic.
As you read the scroll of blinking, it crumbles to dust.
A vault sentinel comes into view.
It is wielding a falchion of electrocution.
The vault sentinel shouts!
The iron dragon bites your iron troll but does no damage.
The iron dragon claws your iron troll but does no damage.
The iron dragon tramples your iron troll!
Your iron troll holds its ground!
The vault sentinel gestures at you while chanting.
You easily resist.
Your iron troll completely misses the iron dragon.
Your iron troll claws the iron dragon! x2
As you read the scroll of teleportation, it crumbles to dust.
You feel strangely unstable.
The yaktaur captain shoots a bolt.
The bolt hits you!!
You die...

#..# #..# #p.#
#..# #..# #..#
#..# #.#.@# #.#..#
#.#..# ..#..#
#.#..# ##.#..#
###.##..#.T#
......u.cD(#
#############).(.#


You could see an iron dragon, a yaktaur captain, a vault sentinel and a friendly
iron troll (berserk).

Vanquished Creatures
  A juggernaut (Depths:5)
  Frederick (Vaults:4)
  Saint Roka (Depths:5)
  A caustic shrike (Depths:5)
  4 golden dragons
  Nikola (Swamp:2)
  the Enchantress (Depths:5)
  Arachne (Spider:2)
  Jorgrun (Depths:1)
  2 liches
  4 tentacled monstrosities (Depths:5)
  Rupert (Orc:2)
  A quicksilver dragon (Vaults:5)
  A titan (Vaults:5)
  2 tentacled starspawn (Abyss:2)
  5 sphinxes
  Frances (Spider:1)
  An ancient champion (Depths:5)
  Kirke (Lair:4)
  Donald (Spider:3)
  5 tengu reavers
  Roxanne (Spider:4)
  3 storm dragons
  8 thorn hunters
  8 fire giants
  2 draconian knights (Depths:5)
  A deep elf sorcerer (Vaults:3)
  2 balrugs
  Louise (D:14)
  An iron dragon (Depths:5)
  4 frost giants
  A draconian scorcher (Depths:5)
  6 emperor scorpions (Spider:4)
  7 ghost moths
  4 spriggan defenders (Depths:5)
  7 vault wardens
  An orc warlord (D:11)
  A deep elf elementalist (Vaults:5)
  10 ironheart preservers
  28 stone giants
  8 very ugly things
  3 vampire knights
  4 entropy weavers
  Nessos (Lair:4)
  2 deep elf annihilators
  The ghost of zilverxoul the Warrior, a journeyman MiBe of Trog (Lair:3)
  3 deep elf demonologists
  2 dire elephants (Depths:3)
  3 spark wasps
  Azrael (Orc:2)
  9 ettins
  11 yaktaur captains
  10 fire dragons
  Josephine (D:14)
  Erolcha (D:10)
  3 deep elf death magi
  A fire dragon (shapeshifter) (Vaults:3)
  Fannar (D:12)
  7 rakshasas
  A deep elf high priest (Depths:5)
  33 vault guards
  A juggernaut simulacrum (Depths:1)
  9 great orbs of eyes
  29 hydras
  A hell beast (Depths:3)
  A death knight (Vaults:3)
  6 catoblepae
  11 centaur warriors
  3 spriggan air magi (Depths:5)
  7 ice dragons
  9 ogre magi
  12 alligators
  16 death yaks
  An anaconda (Depths:3)
  26 two-headed ogres
  8 deep troll earth magi
  8 deep troll shamans
  5 tengu warriors
  A hell knight (Depths:5)
  3 spriggan berserkers
  10 thrashing horrors
  9 orc high priests
  Nergalle (D:12)
  The ghost of loopi the Sculptor of Flesh, a novice OpVM of Yredelemnul (D:6)
  Urug (Lair:4)
  7 deep elf knights
  3 sun demons
  The ghost of ultrashaft the Covert, a journeyman SpEn of Gozag (D:10)
  A spatial maelstrom (Abyss:2)
  A wretched star (Abyss:2)
  2 sixfirhies
  A salamander mystic (Depths:3)
  2 shadow wraiths
  An infernal demonspawn (Orc:2)
  A golden dragon zombie (D:15)
  6 glowing orange brains
  8 wizards
  6 flayed ghosts
  8 skeletal warriors
  The ghost of spsoon the Zephyrmancer, a novice TeAE (D:7)
  18 deep trolls
  An unseen horror (shapeshifter) (Depths:3)
  6 spriggan druids
  16 swamp dragons
  3 deep elf archers
  2 torturous demonspawn (Orc:2)
  9 harpies
  A glowing orange brain (shapeshifter) (Vaults:3)
  2 shambling mangroves
  18 orc knights
  13 orb spiders
  8 ironbrand convokers
  A mana viper (shapeshifter) (Vaults:4)
  7 deep elf magi
  2 lindwurms
  6 necromancers
  46 ugly things
  40 wolf spiders
  An orb spider (shapeshifter) (Depths:4)
  7 cyclopes
  8 manticores
  3 stone giant zombies
  40 slime creatures
  12 orc sorcerers
  A moth of wrath (shapeshifter) (Vaults:4)
  A faun (shapeshifter) (Vaults:4)
  3 salamanders (Depths:3)
  A fire giant zombie (Depths:1)
  A worldbinder (Abyss:2)
  5 moths of wrath
  2 centaur zombies
  14 elephants
  A black mamba (shapeshifter) (Vaults:3)
  A smoke demon (Abyss:2)
  5 black mambas
  A gargoyle (D:14)
  A guardian serpent (shapeshifter) (Depths:2)
  2 torpor snails (Spider:4)
  An orange demon (Depths:2)
  20 spiny frogs
  Psyche (D:10)
  15 vault sentinels
  A spiny frog (shapeshifter) (Vaults:4)
  20 yaktaurs
  5 rime drakes
  A tormentor (Depths:2)
  An efreet (Abyss:3)
  7 komodo dragons
  2 ice devils (Orc:2)
  18 demonic crawlers
  A hellwing (Abyss:3)
  An ancient zyme (Abyss:3)
  2 red devils
  3 tengu conjurers
  An entropy weaver simulacrum (Vaults:1)
  A jumping spider (shapeshifter) (Vaults:4)
  5 freezing wraiths
  A queen bee (D:8)
  5 trolls
  3 meliai
  37 jumping spiders
  A tyrant leech (shapeshifter) (Depths:5)
  24 hornets
  2 polar bears
  10 tyrant leeches
  15 hippogriffs
  2 wind drakes (shapeshifter) (Vaults:4)
  11 bog bodies
  8 raiju
  A raiju (shapeshifter) (Depths:3)
  An ice dragon zombie (D:15)
  12 blink frogs
  5 dream sheep (Lair:4)
  A fire giant simulacrum (Vaults:3)
  A frost giant simulacrum (Depths:1)
  59 redbacks
  11 spriggans
  8 wraiths
  3 shadows
  3 vampires (Vaults:3)
  4 ynoxinuls
  2 ice dragon skeletons
  2 yaks (shapeshifter)
  59 yaks
  40 tarantellas
  4 basilisks
  3 wyverns
  4 hogs (Lair:4)
  2 hungry ghosts
  A chaos spawn (Abyss:3)
  20 vampire mosquitoes
  2 neqoxecs
  17 humans (D:13)
  4 wargs
  A yaktaur simulacrum (Vaults:1)
  An elf skeleton (Depths:1)
  A swamp worm (shapeshifter) (Depths:5)
  7 insubstantial wisps
  A spatial vortex (Abyss:2)
  2 acid dragons
  19 swamp worms
  3 large abominations
  A soldier ant (D:15)
  13 water moccasins
  A human zombie (Depths:1)
  2 floating eyes (Depths:5)
  6 porcupines
  Duvessa (D:5)
  8 hell hounds
  76 orc warriors
  13 swamp drakes
  5 sky beasts
  A black bear (shapeshifter) (Vaults:3)
  3 ice beasts
  A necrophage (D:8)
  4 black bears
  3 boggarts (Vaults:1)
  A phantom (D:13)
  10 wolves
  34 ogres
  19 centaurs
  14 crocodiles
  A big kobold (D:10)
  A wyvern zombie (D:6)
  17 bullfrogs
  8 gnoll sergeants (Bailey)
  3 small abominations
  Dowan (D:5)
  2 yaktaur skeletons
  4 scorpions
  59 killer bees
  A human simulacrum (Vaults:2)
  20 wights
  3 electric eels
  3 howler monkeys
  10 crimson imps
  A bullfrog zombie (D:9)
  8 starcursed masses (Abyss:2)
  4 jellies
  6 gnoll shamans (Bailey)
  3 bullfrog skeletons
  8 hounds
  42 orc priests
  39 orc wizards
  2 centaur skeletons
  An iron imp (Abyss:2)
  Jessica (D:6)
  5 iguanas
  11 worker ants
  A hound skeleton (D:6)
  26 gnolls
  17 adders
  2 shadow imps
  An ufetubus (Abyss:2)
  2 adder skeletons (D:8)
  A worm (D:4)
  3 dart slugs (D:1)
  9 leopard geckos
  154 orcs
  A ball python (D:3)
  5 giant cockroaches
  5 hobgoblins
  8 jackals
  11 kobolds
  2 quokkas
  4 bats
  14 frilled lizards
  18 goblins
  A quokka zombie (D:6)
  13 rats
  26 briar patches
  3 bushes
  A butterfly (Lair:6)
  2 crawling corpses (Vaults:2)
  10 fungi
  4 plants (Depths:3)
  5 starspawn tentacles (Abyss:2)
  A withered plant (D:15)
2135 creatures vanquished.

Vanquished Creatures (collateral kills)
  Bai Suzhen (Vaults:5)
  A frost giant (Vaults:5)
  2 very ugly things (Depths:2)
  A deep elf annihilator (Vaults:5)
  2 hydras
  A deep troll (Vaults:4)
  A wolf spider (Spider:4)
  2 orb spiders (Spider:4)
  An ugly thing (Depths:2)
  3 yaktaurs (Vaults:4)
  A queen bee (D:9)
  A crocodile (Lair:4)
  2 killer bees (D:9)
19 creatures vanquished.

Vanquished Creatures (others)
  A vault guard (Depths:5)
  A vampire mage (Depths:2)
  An alligator (Swamp:2)
  An ironbrand convoker (Vaults:3)
  A deep elf mage (Vaults:3)
  2 humans (Lair:4)
  A porcupine (Lair:4)
  A swamp drake (Swamp:4)
  An orc warrior (Vaults:2)
  A bullfrog (Lair:4)
  An orc priest (Orc:2)
  An orc (D:13)
  3 briar patches
  19 fungi
  27 plants
  8 starspawn tentacles (Abyss:2)
70 creatures vanquished.

Grand Total: 2224 creatures vanquished

Notes
Turn   | Place    | Note
-------+----------+-------------------------------------------
     0 | D:1      | Minorbread the Minotaur Berserker began the quest for the Orb.
     0 | D:1      | Reached XP level 1. HP: 19/19 MP: 0/0
    64 | D:1      | Reached XP level 2. HP: 17/27 MP: 1/1
   259 | D:1      | Reached skill level 4 in Fighting
   397 | D:1      | Reached XP level 3. HP: 32/33 MP: 2/2
   710 | D:2      | Reached ** piety under Trog
   797 | D:2      | Reached skill level 5 in Axes
   949 | D:2      | Reached XP level 4. HP: 30/41 MP: 3/3
  1841 | D:3      | Reached skill level 5 in Fighting
  1841 | D:3      | Reached XP level 5. HP: 48/48 MP: 4/4
  2014 | D:3      | Noticed aesoa's ghost (amateur OpMo)
  2016 | D:3      | Noticed a centaur
  2016 | D:3      | Reached *** piety under Trog
  3011 | D:4      | Noticed an ogre
  3012 | D:4      | Noticed an ogre
  3019 | D:4      | Killed an ogre
  3019 | D:4      | Reached XP level 6. HP: 56/56 MP: 5/5
  3232 | D:4      | Found Qelus's Antique Armour Shoppe.
  3594 | D:4      | You fall through a shaft for 3 floors!
  3605 | D:7      | Reached skill level 6 in Fighting
  3608 | D:7      | Reached XP level 7. HP: 57/63 MP: 6/6
  4085 | D:7      | Reached skill level 7 in Fighting
  4299 | D:7      | Noticed spsoon's ghost (novice TeAE)
  4324 | D:7      | Killed spsoon's ghost
  4324 | D:7      | Reached skill level 8 in Fighting
  4324 | D:7      | Reached skill level 10 in Axes
  4324 | D:7      | Reached XP level 8. HP: 23/74 MP: 7/7
  4848 | D:7      | Reached **** piety under Trog
  5456 | D:6      | Reached XP level 9. HP: 68/82 MP: 8/8
  5532 | D:6      | Reached skill level 9 in Fighting
  5548 | D:6      | Found a sparkling altar of Nemelex Xobeh.
  5548 | D:6      | Noticed Jessica
  5551 | D:6      | Killed Jessica
  5828 | D:6      | Noticed loopi's ghost (novice OpVM)
  5897 | D:6      | Killed loopi's ghost
  6114 | D:6      | Found Jauxe's Gadget Boutique.
  6374 | D:6      | Found a staircase to the Ecumenical Temple.
  6523 | D:5      | Entered Level 5 of the Dungeon
  6684 | D:5      | Noticed Duvessa
  6686 | D:5      | Noticed Dowan
  6691 | D:5      | Killed Duvessa
  6691 | D:5      | Reached skill level 10 in Fighting
  6695 | D:5      | Killed Dowan
  6928 | D:5      | Received a gift from Trog
  7952 | D:8      | Noticed a queen bee
  7966 | D:8      | Killed a queen bee
  7966 | D:8      | Reached XP level 10. HP: 94/94 MP: 9/9
  7983 | D:8      | Reached ***** piety under Trog
  8785 | D:8      | Found Emug Zecw's Weapon Emporium.
  9166 | D:9      | Found an opulent altar of Gozag.
  9177 | D:9      | Reached skill level 11 in Fighting
  9178 | D:9      | Received a gift from Trog
  9194 | D:9      | Reached skill level 15 in Axes
  9850 | D:9      | Noticed a two-headed ogre
  9856 | D:9      | Killed a two-headed ogre
  9880 | D:9      | Noticed a green ugly thing
  9888 | D:9      | Killed a green ugly thing
 10119 | D:9      | Reached XP level 11. HP: 95/104 MP: 10/10
 10451 | D:10     | Entered Level 10 of the Dungeon
 10454 | D:10     | Reached skill level 12 in Fighting
 10477 | D:10     | Noticed a two-headed ogre
 10492 | D:10     | Killed a two-headed ogre
 10779 | D:10     | Found a staircase to the Lair.
 10801 | D:10     | Noticed ultrashaft's ghost (journeyman SpEn)
 10812 | D:10     | Killed ultrashaft's ghost
 11021 | D:10     | Noticed a two-headed ogre
 11028 | D:10     | Killed a two-headed ogre
 11195 | D:10     | Noticed Erolcha
 11197 | D:10     | Noticed an eight-headed hydra
 11202 | D:10     | Killed Erolcha
 11209 | D:10     | Killed a 12-headed hydra
 11209 | D:10     | Reached skill level 5 in Armour
 11809 | D:10     | Noticed a two-headed ogre
 11824 | D:10     | Killed a two-headed ogre
 11824 | D:10     | Reached skill level 13 in Fighting
 12211 | D:10     | Found a roughly hewn altar of Beogh.
 12560 | D:10     | Noticed Psyche
 12586 | D:10     | Killed Psyche
 12897 | Lair:1   | Entered Level 1 of the Lair of Beasts
 12946 | Lair:1   | Reached skill level 5 in Dodging
 12964 | Lair:1   | Reached XP level 12. HP: 87/115 MP: 11/11
 13251 | Lair:1   | Received a gift from Trog
 13941 | Lair:2   | Noticed a four-headed hydra
 13966 | Lair:2   | Killed a ten-headed hydra
 14163 | Lair:2   | Paralysed by a hornet for 3 turns
 14482 | Lair:1   | Identified a scroll of acquirement
 15038 | Lair:2   | Noticed a seven-headed hydra
 15042 | Lair:2   | Killed a seven-headed hydra
 15368 | Lair:3   | Reached skill level 10 in Armour
 15452 | Lair:3   | Noticed zilverxoul's ghost (journeyman MiBe)
 15468 | Lair:3   | Killed zilverxoul's ghost
 16034 | Lair:3   | Found a staircase to the Swamp.
 16066 | Lair:3   | Reached skill level 14 in Fighting
 16947 | Lair:4   | Noticed Kirke
 16963 | Lair:4   | Killed Kirke
 17081 | Lair:4   | Found a hole to the Spider Nest.
 17256 | Lair:4   | Noticed a six-headed hydra
 17269 | Lair:4   | Killed a six-headed hydra
 17269 | Lair:4   | Reached XP level 13. HP: 124/124 MP: 12/12
 17441 | Lair:4   | Noticed Nessos
 17454 | Lair:4   | HP: 7/187 [Nessos (5)]
 17455 | Lair:4   | Killed Nessos
 17459 | Lair:4   | HP: 3/125 [poisoned by Nessos]
 18314 | Lair:4   | Noticed Urug
 18330 | Lair:4   | Killed Urug
 19161 | Lair:5   | Reached skill level 15 in Fighting
 19450 | Lair:5   | Received a gift from Trog
 19831 | Lair:5   | Found a viscous altar of Jiyva.
 19831 | Lair:5   | Found a staircase to the Slime Pits.
 20313 | Lair:6   | Entered Level 6 of the Lair of Beasts
 20878 | Lair:6   | Reached skill level 10 in Dodging
 20878 | Lair:6   | Reached XP level 14. HP: 103/135 MP: 13/13
 21325 | Lair:6   | Reached skill level 15 in Armour
 22854 | Lair:6   | Reached skill level 16 in Fighting
 22859 | Lair:6   | Received a gift from Trog
 23456 | Lair:6   | Identified Ikosk's Compendium of Calling and Contamination
 24140 | D:11     | Found a staircase to the Orcish Mines.
 24265 | D:11     | Reached ****** piety under Trog
 24459 | D:11     | Found Nulaofukk's Distillery.
 24471 | D:11     | Bought a potion of heal wounds for 60 gold pieces
 24471 | D:11     | Bought a potion of heal wounds for 60 gold pieces
 24471 | D:11     | Bought a potion of curing for 36 gold pieces
 24580 | D:11     | Received a gift from Trog
 24721 | Orc:1    | Entered Level 1 of the Orcish Mines
 24725 | Orc:1    | Noticed an orc warlord
 24755 | D:11     | Killed an orc warlord
 24755 | D:11     | Reached XP level 15. HP: 47/145 MP: 14/14
 25149 | Orc:1    | Found a flagged portal.
 25165 | Bailey   | Entered a bailey
 25575 | Orc:1    | Received a gift from Trog
 25982 | Orc:2    | Entered Level 2 of the Orcish Mines
 25990 | Orc:2    | Noticed Rupert
 26001 | Orc:2    | Killed Rupert
 26150 | Orc:2    | Noticed Azrael
 26161 | Orc:2    | Killed Azrael
 26888 | Orc:2    | Found a staircase to the Elven Halls.
 26947 | Orc:2    | Received a gift from Trog
 27168 | Orc:2    | Found Fiupn's Distillery.
 27176 | Orc:2    | Found Ofyoniwn's Food Shop.
 27517 | Orc:2    | Bought a potion of might for 60 gold pieces
 27665 | Orc:2    | HP: 3/146 [stone giant (9)]
 27671 | Orc:2    | Received a gift from Trog
 28089 | Orc:2    | Reached skill level 17 in Fighting
 28807 | Orc:2    | Found Gufad's Book Shoppe.
 28807 | Orc:2    | Found Qyssoam's Antique Weapon Emporium.
 28807 | Orc:2    | Found a one-way gate leading to the halls of Pandemonium.
 29173 | D:12     | Noticed Fannar
 29182 | D:12     | Killed Fannar
 29264 | D:12     | Noticed Nergalle
 29272 | D:12     | Killed Nergalle
 29643 | D:13     | Received a gift from Trog
 29646 | D:13     | Found Ampuxtihe's Gadget Shoppe.
 29652 | D:13     | Got a fine battleaxe {god gift}
 29653 | D:13     | Identified the +4 battleaxe of the Hand {chop, Fragile rElec rN+++ Dex+4} (Trog gifted it to you on level 13 of the Dungeon)
 30074 | D:13     | Found a gate to the Vaults.
 30080 | D:13     | Reached XP level 16. HP: 154/155 MP: 5/15
 30443 | D:13     | Found a runed door.
 30631 | D:13     | Found a roughly hewn altar of Beogh.
 31022 | D:14     | Noticed Josephine
 31028 | D:14     | Killed Josephine
 31099 | D:14     | Received a gift from Trog
 31314 | D:14     | Found a shattered altar of Ashenzari.
 31321 | D:14     | Noticed Louise
 31321 | D:14     | Cast into level 2 of the Abyss (Louise)
 31365 | Abyss:2  | Paralysed by accursed screaming for 1 turns
 31405 | Abyss:2  | Noticed a tentacled starspawn
 31502 | Abyss:2  | Killed a tentacled starspawn
 31544 | Abyss:2  | Noticed a tentacled starspawn
 31643 | D:14     | Escaped the Abyss
 31656 | D:14     | Killed Louise
 31948 | D:15     | Entered Level 15 of the Dungeon
 31982 | D:15     | Found a staircase to the Depths.
 32018 | D:15     | Received a gift from Trog
 32996 | Spider:1 | Entered Level 1 of the Spider Nest
 33346 | Spider:1 | Noticed Frances
 33357 | Spider:1 | Killed Frances
 33865 | Spider:1 | Received a gift from Trog
 34452 | Spider:2 | Noticed Arachne
 34467 | Spider:2 | Killed Arachne
 34467 | Spider:2 | Reached skill level 18 in Fighting
 34786 | Spider:2 | Reached XP level 17. HP: 102/163 MP: 5/16
 36184 | Spider:3 | Received a gift from Trog
 36185 | Spider:3 | Noticed Donald
 36193 | Spider:3 | Killed Donald
 37216 | Spider:4 | Entered Level 4 of the Spider Nest
 37217 | Spider:4 | Noticed Roxanne
 37235 | Spider:4 | Killed Roxanne
 37512 | Spider:4 | Received a gift from Trog
 38038 | Spider:4 | HP: 6/166 [disintegration (47)]
 38959 | Spider:4 | Received a gift from Trog
 39436 | Spider:4 | Got a gossamer rune of Zot
 39512 | Spider:4 | Reached XP level 18. HP: 174/174 MP: 0/17
 39806 | Spider:4 | Reached skill level 19 in Fighting
 40055 | Swamp:1  | Entered Level 1 of the Swamp
 40234 | Swamp:1  | Received a gift from Trog
 40510 | Swamp:1  | Reached skill level 15 in Dodging
 42023 | Swamp:2  | Noticed Nikola
 42227 | Swamp:2  | Killed Nikola
 44024 | Swamp:4  | Entered Level 4 of the Swamp
 44299 | Swamp:4  | Received a gift from Trog
 44402 | Swamp:4  | Reached skill level 20 in Fighting
 45573 | Swamp:3  | Reached XP level 19. HP: 170/185 MP: 18/18
 47286 | Swamp:4  | Got a decaying rune of Zot
 47725 | Vaults:1 | Entered Level 1 of the Vaults
 47741 | Vaults:1 | Received a gift from Trog
 47941 | Vaults:1 | Found Mask's Book Boutique.
 48703 | Vaults:1 | Received a gift from Trog
 48966 | Vaults:1 | Got a scorched battleaxe {god gift}
 48967 | Vaults:1 | Identified the +2 battleaxe of Trauma {flame, Str+3 Int+2} (Trog gifted it to you on level 1 of the Vaults)
 49175 | Vaults:1 | Reached skill level 21 in Fighting
 50036 | Vaults:2 | Received a gift from Trog
 50482 | Vaults:2 | Reached XP level 20. HP: 160/198 MP: 6/19
 50727 | Vaults:2 | Received a gift from Trog
 52376 | Vaults:3 | Reached skill level 22 in Fighting
 52666 | Vaults:3 | Paralysed by an ogre mage for 3 turns
 52966 | Vaults:3 | Received a gift from Trog
 52966 | Vaults:3 | Paralysed by something for 5 turns
 52971 | Vaults:3 | Cast into level 2 of the Abyss (a wizard)
 53312 | Abyss:3  | Gained mutation: You possess an exceptional clarity of mind. [a neqoxec]
 53327 | Abyss:3  | Found a corrupted altar of Lugonu.
 53431 | Vaults:3 | Escaped the Abyss
 53455 | Vaults:3 | Found a staircase to the Crypt.
 53875 | Vaults:3 | Found Aduin's Armour Shop.
 53963 | Vaults:3 | Received a gift from Trog
 54318 | Vaults:4 | Noticed Frederick
 54328 | Vaults:4 | Killed Frederick
 54330 | Vaults:4 | Reached XP level 21. HP: 68/210 MP: 6/20
 54675 | Vaults:4 | Reached skill level 23 in Fighting
 56230 | Depths:1 | Entered Level 1 of the Depths
 56377 | Depths:1 | Noticed Jorgrun
 56387 | Depths:1 | Killed Jorgrun
 56773 | Depths:1 | Received a gift from Trog
 56774 | Depths:1 | Found Faxuypp's Distillery.
 56774 | Depths:1 | Found Liutistri's Distillery.
 56774 | Depths:1 | Found Miqil's Assorted Antiques.
 57085 | Depths:1 | Found a gateway to Hell.
 57639 | Depths:1 | Bought a potion of invisibility for 152 gold pieces
 57639 | Depths:1 | Bought a potion of curing for 57 gold pieces
 57639 | Depths:1 | Bought a potion of curing for 57 gold pieces
 57639 | Depths:1 | Bought a potion of heal wounds for 95 gold pieces
 57641 | Depths:1 | Bought 2 potions of berserk rage for 140 gold pieces
 57641 | Depths:1 | Bought a potion of curing for 42 gold pieces
 57641 | Depths:1 | Bought a potion of curing for 42 gold pieces
 58127 | Depths:1 | Noticed a golden dragon
 59711 | Depths:3 | Reached skill level 24 in Fighting
 59717 | Depths:3 | Received a gift from Trog
 59722 | Depths:3 | Got a transparent battleaxe {god gift}
 59723 | Depths:3 | Identified the +7 battleaxe of Runtidgh {drain, MR+ Int+3} (Trog gifted it to you on level 3 of the Depths)
 59752 | Depths:3 | Found a gateway to a ziggurat.
 59752 | Depths:3 | Paralysed by a floating eye for 4 turns
 59765 | Depths:3 | Paralysed by a floating eye for 4 turns
 59770 | Depths:3 | Paralysed by a floating eye for 4 turns
 59919 | Depths:3 | Reached XP level 22. HP: 183/222 MP: 7/21
 60592 | Depths:3 | Paralysed by a vampire knight for 3 turns
 60958 | Depths:3 | Received a gift from Trog
 61291 | Depths:3 | Paralysed by a floating eye for 3 turns
 61297 | Depths:3 | Paralysed by a floating eye for 3 turns
 61303 | Depths:3 | Paralysed by a floating eye for 4 turns
 61764 | Depths:5 | Entered Level 5 of the Depths
 61787 | Depths:5 | Noticed a golden dragon
 61802 | Depths:5 | Killed a golden dragon
 61988 | Depths:5 | Noticed the Enchantress
 62010 | Depths:5 | Killed the Enchantress
 62187 | Depths:5 | Noticed a juggernaut
 62196 | Depths:5 | Killed a juggernaut
 62196 | Depths:5 | Reached skill level 25 in Fighting
 62538 | Depths:5 | Paralysed by a great orb of eyes for 5 turns
 62867 | Depths:5 | Got a slimy amber ring
 62888 | Depths:5 | Identified the ring "Ifuaho" {Fire rPois rN++ Int-2 Dex+3} (You found it on level 5 of the Depths)
 62906 | Depths:5 | Found a glowing golden altar of the Shining One.
 62907 | Depths:5 | Paralysed by a great orb of eyes for 6 turns
 62938 | Depths:5 | Paralysed by a floating eye for 4 turns
 62993 | Depths:5 | Received a gift from Trog
 63003 | Depths:5 | Reached XP level 23. HP: 172/234 MP: 7/22
 63135 | Depths:5 | Got a vibrating marble ring
 63137 | Depths:5 | Identified the ring of Caxiasem {rC+ Dex+6} (You found it on level 5 of the Depths)
 63456 | Depths:5 | Noticed Saint Roka
 63465 | Depths:5 | Killed Saint Roka
 63490 | Depths:5 | Got a clouded glass ring
 63492 | Depths:5 | Identified the ring of Ukuovuah {Wiz +Fly rN+ Int+3} (You found it on level 5 of the Depths)
 63526 | Depths:5 | Found a white marble altar of Elyvilon.
 63601 | Depths:5 | Found a gate to the Realm of Zot.
 63617 | Depths:5 | Noticed a caustic shrike
 63624 | Depths:5 | Killed a caustic shrike
 64043 | Depths:5 | Found a glowing golden altar of the Shining One.
 64405 | Vaults:5 | Entered Level 5 of the Vaults
 64412 | Vaults:5 | Received a gift from Trog
 64423 | Vaults:5 | Reached skill level 26 in Fighting
 64466 | Vaults:5 | Noticed an ancient lich
 64775 | Vaults:5 | Noticed Bai Suzhen
 64785 | Vaults:5 | Killed Bai Suzhen
 64807 | Vaults:5 | HP: 8/237 [yaktaur captain/bolt (19)]
 64809 | Vaults:5 | Shot with a bolt by a yaktaur captain

Skill      XL: |  1  2  3  4  5  6  7  8  9 10 11 12 13 14 15 16 17 18 19 20 21 22 23 |
---------------+----------------------------------------------------------------------+-----
Axes           | 4 5 6 7 8 10 11 14 15 16 17 19 20 21 22 23 24 | 24.6
Fighting       | 4 5 6 8 10 11 13 14 15 16 17 18 20 21 22 24 25 26 | 26.2
Armour         | 7 11 14 16 17 18 19 20 21 22 23 | 23.5
Dodging        | 5 7 10 11 12 13 14 15 16 17 18 19 | 19.7

Action                   |  1- 3 |  4- 6 |  7- 9 | 10-12 | 13-15 | 16-18 | 19-21 | 22-24 || total
-------------------------+-------+-------+-------+-------+-------+-------+-------+-------++-------
Melee: Hand axe          |    60 |   153 |     8 |       |       |       |       |       ||   221
       Headbutt          |     6 |    21 |    39 |   106 |   264 |   316 |   368 |   158 ||  1278
       War axe           |       |       |   227 |   429 |   364 |       |       |       ||  1020
       Unarmed           |       |       |       |     6 |       |       |       |       ||     6
       Battleaxe         |       |       |       |   134 |   289 |   442 |   108 |       ||   973
       Broad axe         |       |       |       |       |   149 |     4 |       |       ||   153
       Executioner's axe |       |       |       |       |   266 |   816 |  1105 |   509 ||  2696
Invok: Berserk           |     1 |     2 |     5 |     9 |    12 |    11 |     2 |     3 ||    45
       Brothers in Arms  |       |       |     1 |     4 |     1 |     1 |     4 |     3 ||    14
       Burn Spellbooks   |       |       |       |     2 |     6 |     4 |     1 |     3 ||    16
       Trog's Hand       |       |       |       |     1 |     5 |     9 |    13 |    10 ||    38
Evoke: Wand              |       |       |       |       |     7 |       |       |       ||     7
  Use: Potion            |       |       |     4 |     7 |    10 |    14 |     1 |     3 ||    39
       Scroll            |       |       |     5 |    17 |    13 |    14 |    11 |     7 ||    67
 Stab: Distracted        |       |       |       |     1 |     1 |       |     2 |       ||     4
       Petrified         |       |       |       |       |     1 |       |       |       ||     1
  Eat: Chunk             |     1 |     9 |    22 |    37 |    60 |    55 |    43 |    16 ||   243
       Bread ration      |       |       |     1 |       |       |     5 |     4 |       ||    10
       Fruit             |       |       |     1 |       |       |     8 |       |       ||     9
Armor: Animal skin       |    14 |     2 |       |       |       |       |       |       ||    16
       Chain mail        |       |    32 |   112 |    68 |       |       |       |       ||   212
       Leather armour    |       |     6 |       |       |       |       |       |       ||     6
       Plate armour      |       |       |       |   261 |   763 |  1249 |   697 |   324 ||  3294
Dodge: Dodged            |    39 |    80 |    91 |   297 |   716 |  1282 |   789 |   431 ||  3725
